 Dungeon Crawl Stone Soup version 0.31-a0-217-g58bb5d79cf (webtiles) character file.

Game seed: 14614869771441195861

3204 qw the Skirmisher (level 9, -4/88 HPs)
             Began as a Minotaur Hexslinger on July 2, 2023.
             Was a Follower of Okawaru.
             Shot with an arrow by something (10 damage)
             ... on level 7 of the Dungeon.
             The game lasted 00:02:22 (5605 turns).

qw the Skirmisher (Minotaur Hexslinger)             Turns: 5605, Time: 00:02:23

Health: -4/88      AC:  2    Str: 14    XL:     9   Next: 65%
Magic:  11/11      EV: 18    Int:  8    God:    Okawaru [*.....]
Gold:   252        SH:  0    Dex: 14    Spells: 9/10 levels left

rFire   . . .        Y - +4 sling (flame)
rCold   . . .        (no shield)
rNeg    . . .        b - +0 troll leather armour {Pargi}
rPois   .            (helmet restricted)
rElec   .            (no cloak)
rCorr   .            (no gloves)
SInv    .            (no boots)
Will    .....        (no amulet)
Stlth   +            l - +5 ring of evasion
HPRegen 1.14/turn    (no ring)
MPRegen 0.12/turn

%: no passive effects
@: no status effects
A: horns 2, retaliatory headbutt, clumsy 1, deformed body, dopey 1, robust 1
a: Renounce Religion, Heroism


You were on level 7 of the Dungeon.
You worshipped Okawaru.
Okawaru was aware of your devotion.
You visited 2 branches of the dungeon, and saw 8 of its levels.
You also visited: Sewer.

You collected 327 gold pieces.
You spent 75 gold pieces at shops.


Innate Abilities, Weirdness & Mutations

You have a pair of horns on your head.
You reflexively headbutt those who attack you in melee.
You are clumsy. (Dex -2)
Armour fits poorly on your strangely shaped body.
You are dopey. (Int -2)
You are robust. (+10% HP)


   Skills:
 - Level 7.7 Fighting
 + Level 11.8 Ranged Weapons
 - Level 2.1 Armour
 - Level 4.0 Dodging
 - Level 1.0 Spellcasting
 - Level 2.0 Hexes
 - Level 4.0 Invocations


You had 9 spell levels left.
You knew the following spells:

 Your Spells              Type           Power      Damage    Failure   Level
a - Slow                  Hex            12%        N/A       22%         1

Your spell library contained the following spells:

 Spells                   Type           Power      Damage    Failure   Level
 Inner Flame              Hex/Fire       2%         N/A       67%         3
 Portal Projectile        Hex/Tloc       4%         N/A       67%         3
 Cause Fear               Hex            1%         N/A       91%         4

Inventory:

Hand Weapons
 Y - a +4 sling of flaming (weapon)
Armour
 b - a +0 troll leather armour (worn) {Pargi}
 d - a +1 leather armour of fire resistance
Jewellery
 l - a +5 ring of evasion (left hand)
Scrolls
 a - 2 scrolls of identify
 c - 3 scrolls of teleportation
Potions
 e - a potion of curing
 f - a potion of mutation
 g - a potion of cancellation {unknown}
 h - a potion of heal wounds {unknown}
 j - a potion of might {unknown}
 k - a potion of haste {unknown}

Dungeon Overview and Level Annotations

Branches:
Dungeon (7/15)             Temple (1/1) D:5           Sewer (visited)

Altars:
Ashenzari
Cheibriados
Dithmenos
Elyvilon
Fedhas
Gozag
Kikubaaqudgha
Makhleb
Nemelex Xobeh
Okawaru
Qazlal
Ru
Sif Muna
Uskayaw
Vehumet
Wu Jian
Xom
Yredelemnul
Zin
The Shining One

Shops:
D:4 =   D:5 ?

Annotations:
D:4 2 transporters, qw's ghost, amateur MiHs
D:5 1 runed translucent door, Crazy Yiuf


Message History

You shoot a sling bullet.
An arrow appears from out of thin air!
The arrow hits you!
You shoot a sling bullet. You shoot a sling bullet.
You hear a bow twang.
An arrow appears from out of thin air!
The arrow hits you!
You shoot a sling bullet.
You hear a bow twang.
An arrow appears from out of thin air!
The arrow closely misses you.
You hear a bow twang.
An arrow appears from out of thin air!
The arrow completely misses you.
You shoot a sling bullet.
You hear a bow twang.
An arrow appears from out of thin air!
The arrow hits you.
You shoot a sling bullet.
You hear a bow twang.
An arrow appears from out of thin air!
The arrow barely misses you.
You shoot a sling bullet.
You hear a bow twang.
An arrow appears from out of thin air!
The arrow hits you.
You shoot a sling bullet.
You hear a bow twang.
An arrow appears from out of thin air!
The arrow hits you!
You hear a bow twang.
An arrow appears from out of thin air!
The arrow hits you.
You shoot a sling bullet.
You hear a bow twang.
An arrow appears from out of thin air!
The arrow hits you!
You shoot a sling bullet.
You hear a bow twang.
An arrow appears from out of thin air!
The arrow hits you!
You shoot a sling bullet.
You hear a bow twang.
An arrow appears from out of thin air!
The arrow hits you!
You shoot a sling bullet.
You hear a bow twang.
An arrow appears from out of thin air!
The arrow hits you!
You hear a bow twang.
An arrow appears from out of thin air!
The arrow hits you!
You die...

#............
######............
.###....#............
.....................
#...#......#+#.##...
# ###.....# #.##...
###.......# .#
##.###...###
#..@#....#
......#...#..# .....
##.###.# .... ### .#
... .# .. # .


There were no monsters in sight!

Vanquished Creatures
  Pikel (D:5)
  Grinder (D:5)
  Eustachio (D:6)
  A steam dragon (D:6)
  Edmund (D:6)
  Menkaure (D:5)
  An orc warrior (D:7)
  Pargi (Sewer)
  3 ice beasts
  3 ogres
  A lemure (D:5)
  2 phantoms
  Blork the orc (D:6)
  3 bullfrogs
  3 scorpions (D:6)
  4 wights (D:6)
  2 jellies (D:5)
  3 hounds
  Jessica (D:3)
  3 iguanas
  4 orc wizards
  2 gnolls (D:5)
  3 adders
  A shadow imp (D:6)
  A white imp (D:7)
  2 ufetubi
  3 dart slugs
  21 orcs
  5 bats
  4 endoplasms
  5 giant cockroaches
  17 goblins
  15 hobgoblins
  7 jackals
  2 quokkas (D:2)
  9 ball pythons
  7 frilled lizards
  6 kobolds
  2 rats
153 creatures vanquished.

Vanquished Creatures (others)
  A human (D:3)
1 creature vanquished.

Grand Total: 154 creatures vanquished

Notes
Turn   | Place    | Note
-------+----------+-------------------------------------------
     0 | D:1      | qw the Minotaur Hexslinger began the quest for the Orb.
     0 | D:1      | Reached XP level 1. HP: 16/16 MP: 1/1
     0 | D:1      | 0 ||| qw: Version: 0.3-a-40-ge99b1a8
     0 | D:1      | 0 ||| qw: Game counter: 56
     0 | D:1      | 0 ||| qw: Melee chars always use a shield: true
     0 | D:1      | 0 ||| qw: God list: Okawaru
     0 | D:1      | 0 ||| qw: Allow faded altars: false
     0 | D:1      | 0 ||| qw: Do Orc after clearing Dungeon:15 true
     0 | D:1      | 0 ||| qw: Do second Lair branch before Depths: true
     0 | D:1      | 0 ||| qw: Lair rune preference: random
     0 | D:1      | 0 ||| qw: Goals: Normal
     0 | D:1      | 0 ||| PLANNING D:1-11
    92 | D:1      | 92 ||| FLEEEEING.
   180 | D:1      | Reached skill level 3 in Ranged Weapons
   182 | D:1      | Reached XP level 2. HP: 23/23 MP: 2/2
   813 | D:1      | 813 ||| UPGRADING to +0 leather armour.
   823 | D:1      | 823 ||| DROPPING +0 robe.
   824 | D:1      | 824 ||| READING scroll labelled BAJO ONETOXTAODA.
   825 | D:1      | 825 ||| READING scroll labelled PUGEYQ VABURO.
   826 | D:1      | 826 ||| DROPPING scroll of poison.
   972 | D:2      | Reached XP level 3. HP: 28/29 MP: 3/3
   984 | D:2      | 984 ||| SWAPPING to +1 sling of flaming.
   985 | D:2      | 985 ||| DROPPING +1 sling.
  1188 | D:2      | Reached skill level 4 in Ranged Weapons
  1427 | D:2      | Reached XP level 4. HP: 36/36 MP: 4/4
  1501 | D:2      | 1501 ||| DROPPING ring of wizardry.
  1502 | D:2      | 1502 ||| READING scroll labelled TUMNOUKL WUEN.
  1503 | D:2      | 1503 ||| DRINKING 2 dark potions.
  1504 | D:2      | 1504 ||| DRINKING 2 fuming ruby potions.
  1504 | D:2      | Gained mutation: You have hidden genetic defects. [potion
                  | of mutation]
  1504 | D:2      | Gained mutation: You are dopey. (Int -2) [potion of
                  | mutation]
  1504 | D:2      | Gained mutation: You are robust. (+10% HP) [potion of
                  | mutation]
  1909 | D:3      | Gained mutation: Armour fits poorly on your strangely
                  | shaped body. [hidden defects]
  2044 | D:3      | Noticed Jessica
  2048 | D:3      | Killed Jessica
  2049 | D:3      | Reached skill level 5 in Ranged Weapons
  2059 | D:3      | Gained mutation: You are clumsy. (Dex -2) [hidden defects]
  2059 | D:3      | Lost mutation: You have hidden genetic defects. [hidden
                  | defects expressed]
  2142 | D:3      | Found an ancient bone altar of Kikubaaqudgha.
  2147 | D:3      | Noticed a human
  2149 | D:3      | Killed a human
  2303 | D:3      | 2303 ||| UPGRADING to +0 ring mail.
  2313 | D:3      | 2313 ||| DROPPING +0 leather armour.
  2314 | D:3      | 2314 ||| UPGRADING to +2 robe of positive energy.
  2324 | D:3      | 2324 ||| DROPPING +0 ring mail.
  2325 | D:3      | 2325 ||| UPGRADING to +5 ring of evasion.
  2326 | D:3      | 2326 ||| READING scroll labelled QAEHAD ULYEKHA.
  2327 | D:3      | 2327 ||| READING scroll labelled BALOMOJ SEAL.
  2330 | D:3      | 2330 ||| DRINKING 2 silvery potions.
  2331 | D:3      | 2331 ||| READING 2 scrolls of identify.
  2331 | D:3      | 2331 ||| IDENTIFYING bubbling black potion
  2332 | D:3      | 2332 ||| DROPPING potion of brilliance.
  2333 | D:3      | 2333 ||| DROPPING potion of degeneration.
  2362 | D:4      | Found Plog's Jewellery Shop.
  2365 | D:4      | 2365 ||| SHOPLISTING +6 ring of dexterity (468 gold, have
                  | 114).
  2365 | D:4      | 2365 ||| SHOPLISTING +6 ring of strength (468 gold, have
                  | 114).
  2365 | D:4      | 2365 ||| SHOPLISTING ring of ice (325 gold, have 114).
  2365 | D:4      | 2365 ||| SHOPLISTING ring of positive energy (260 gold,
                  | have 114).
  2365 | D:4      | 2365 ||| SHOPLISTING ring of see invisible (195 gold, have
                  | 114).
  2368 | D:4      | Noticed a phantom
  2384 | D:4      | Killed a phantom
  2385 | D:4      | Reached skill level 3 in Fighting
  2385 | D:4      | Reached XP level 5. HP: 36/50 MP: 5/5
  2497 | D:4      | Found a transporter.
  2607 | D:4      | Noticed qw's ghost (amateur MiHs)
  2615 | D:4      | Noticed an ogre
  2620 | D:4      | Killed an ogre
  2621 | D:4      | Reached skill level 6 in Ranged Weapons
  2621 | D:4      | Reached XP level 6. HP: 57/57 MP: 6/6
  2655 | D:4      | Found a transporter.
  2870 | D:4      | 2870 ||| READING scroll labelled GUMOYF BIZIPN.
  2871 | D:4      | 2871 ||| READING 2 scrolls of identify.
  2871 | D:4      | 2871 ||| IDENTIFYING fuming cyan potion
  2872 | D:4      | 2872 ||| DROPPING potion of magic.
  2885 | D:5      | Entered Level 5 of the Dungeon
  2946 | D:5      | Found a staircase to the Ecumenical Temple.
  2947 | D:5      | 2947 ||| PLANNING TEMPLE
  2951 | D:5      | Noticed Grinder
  2967 | D:5      | Killed Grinder
  2968 | D:5      | Reached skill level 7 in Ranged Weapons
  2968 | D:5      | Reached XP level 7. HP: 53/64 MP: 7/7
  3005 | Temple   | Entered the Ecumenical Temple
  3118 | Temple   | 3118 ||| PLANNING D:1-11
  3147 | D:5      | Noticed Pikel
  3150 | D:5      | Reached skill level 8 in Ranged Weapons
  3160 | D:5      | HP: 16/64 [Pikel/+0 whip of flaming (7)]
  3166 | D:5      | Killed Pikel
  3166 | D:5      | HP: 14/64 [jelly (1)]
  3166 | D:5      | HP: 5/64 [acid (9)]
  3167 | D:5      | Reached XP level 8. HP: 6/81 MP: 8/8
  3171 | D:5      | Noticed Menkaure
  3176 | D:5      | HP: 1/81 [Menkaure (8)]
  3178 | D:5      | Killed Menkaure
  3186 | D:5      | 3186 ||| FLEEEEING.
  3344 | D:5      | 3344 ||| FLEEEEING.
  3346 | D:5      | 3346 ||| FLEEEEING.
  3347 | D:5      | 3347 ||| FLEEEEING.
  3348 | D:5      | 3348 ||| FLEEEEING.
  3352 | D:5      | 3352 ||| FLEEEEING.
  3353 | D:5      | 3353 ||| FLEEEEING.
  3354 | D:5      | 3354 ||| FLEEEEING.
  3356 | D:5      | 3356 ||| STAIRDANCE
  3546 | D:5      | Found an iron altar of Okawaru.
  3547 | D:5      | 3547 ||| PLANNING OKAWARU WORSHIP
  3554 | D:5      | Became a worshipper of Warmaster Okawaru
  3555 | D:5      | 3555 ||| PLANNING D:1-11
  3609 | D:5      | Found a runed translucent door.
  3610 | D:5      | Noticed Crazy Yiuf
  3956 | D:5      | Reached skill level 9 in Ranged Weapons
  3975 | D:5      | Found Jyshruriph's Magic Scroll Shop.
  3983 | D:5      | 3983 ||| BUYING scroll of enchant weapon (75 gold).
  3983 | D:5      | Bought a scroll of enchant weapon for 75 gold pieces
  3983 | D:5      | 3983 ||| READING scroll of enchant weapon.
  3983 | D:5      | 3983 ||| ENCHANTING +2 sling of flaming.
  4224 | D:5      | 4224 ||| READING scroll labelled SOBLUT KOIVIGH.
  4254 | D:6      | 4254 ||| PLANNING SEWER
  4306 | D:6      | Reached skill level 3 in Dodging
  4499 | D:6      | Noticed Eustachio
  4511 | D:6      | Killed Eustachio
  4512 | D:6      | Reached skill level 10 in Ranged Weapons
  4561 | D:6      | Found a glowing drain.
  4566 | Sewer    | Entered a sewer
  4571 | Sewer    | 4571 ||| Stepping ~*~*~tactically~*~*~ (water).
  4573 | Sewer    | 4573 ||| Stepping ~*~*~tactically~*~*~ (water).
  4597 | Sewer    | 4597 ||| Stepping ~*~*~tactically~*~*~ (water).
  4602 | Sewer    | 4602 ||| Stepping ~*~*~tactically~*~*~ (water).
  4609 | Sewer    | Noticed Pargi
  4610 | Sewer    | 4610 ||| Stepping ~*~*~tactically~*~*~ (water).
  4612 | Sewer    | 4612 ||| Stepping ~*~*~tactically~*~*~ (water).
  4617 | Sewer    | Killed Pargi
  4617 | Sewer    | Reached * piety under Okawaru
  4662 | Sewer    | 4662 ||| Stepping ~*~*~tactically~*~*~ (water).
  4720 | Sewer    | 4720 ||| UPGRADING to +0 troll leather armour {Pargi}.
  4730 | Sewer    | 4730 ||| DROPPING +2 robe of positive energy.
  4731 | Sewer    | 4731 ||| READING scroll labelled KUANLA CAGILE.
  4732 | Sewer    | 4732 ||| DRINKING 2 yellow potions.
  4733 | Sewer    | 4733 ||| DROPPING potion of invisibility.
  4748 | D:6      | 4748 ||| PLANNING D:1-11
  4800 | D:6      | Reached skill level 1 in Armour
  4800 | D:6      | Reached skill level 1 in Invocations
  4800 | D:6      | Reached XP level 9. HP: 85/88 MP: 9/9
  4851 | D:6      | 4851 ||| INVOKING Heroism.
  4939 | D:6      | 4939 ||| INVOKING Heroism.
  4952 | D:6      | Reached skill level 3 in Invocations
  5078 | D:6      | Noticed Blork the orc
  5079 | D:6      | 5079 ||| INVOKING Heroism.
  5083 | D:6      | Killed Blork the orc
  5189 | D:6      | 5189 ||| INVOKING Heroism.
  5195 | D:6      | Reached skill level 11 in Ranged Weapons
  5243 | D:6      | Noticed Edmund
  5244 | D:6      | 5244 ||| INVOKING Heroism.
  5262 | D:6      | Killed Edmund
  5408 | D:6      | 5408 ||| DRINKING 2 emerald potions.
  5409 | D:6      | 5409 ||| DRINKING 2 cyan potions.
  5410 | D:6      | 5410 ||| DRINKING 2 potions of curing.
  5410 | D:6      | 5410 ||| (to cure confusion)
  5411 | D:6      | 5411 ||| DROPPING potion of attraction.
  5412 | D:6      | 5412 ||| DROPPING potion of ambrosia.
  5429 | D:7      | 5429 ||| PLANNING OSSUARY
  5504 | D:7      | 5504 ||| INVOKING Heroism.
  5563 | D:7      | 5563 ||| READING scroll of enchant weapon.
  5563 | D:7      | 5563 ||| ENCHANTING +3 sling of flaming.
  5604 | D:7      | HP: 19/88 [something (13)]
  5605 | D:7      | HP: 6/88 [something (14)]
  5605 | D:7      | Shot with an arrow by something

Levels and vault maps discovered:
D:1:      dpeg_arrival_oval, layout_loops_ring
D:2:      layout_basic, grunt_ministairs_15, minmay_goblin_kobold_house
D:3:      layout_loops_corners, tgw_kikubaaqudgha, uniq_jessica
D:4:      layout_rooms, gammafunk_ghost_stat_death, serial_shops, shop,
          grunt_ministairs_11
D:5:      layout_loops_ring, okawaru_altar_gauntlet_db,
          minmay_temple_entry_ruins, serial_shops, shop_fountains,
          chequers_big_river, uniq_pikel, uniq_crazy_yiuf_cottage, uniq_grinder,
          uniq_menkaure
D:6:      layout_basic, portal_sewer_entry_e, kennysheep_generic_room_5,
          uniq_blork_the_orc, uniq_eustachio, uniq_edmund
D:7:      layout_basic, nicolae_ossuary_entry_false_entrances, minmay_between
Temple:   nicolae_temple_two_arcs

Skill      XL: |  1  2  3  4  5  6  7  8  9 |
---------------+----------------------------+-----
Ranged Weapons | 3 4 5 6 7 8 10 11 | 11.8
Fighting       | 2 3 4 7 |  7.7
Dodging        | 3 4 |  4.0
Armour         | 1 2 |  2.1
Invocations    | 1 4 |  4.0
Spellcasting   | |  1.0
Hexes          | |  2.0

Action                     |  1- 3 |  4- 6 |  7- 9 || total
---------------------------+-------+-------+-------++-------
   Fire: Sling             |   114 |   116 |   317 ||   547
 Invoke: Heroism           |       |       |     6 ||     6
    Use: Scroll            |     2 |     6 |     4 ||    12
         Potion            |       |     3 |     4 ||     7
 Armour: Robe              |     7 |     5 |     6 ||    18
         Leather armour    |    16 |       |       ||    16
         Troll leather arm |       |       |     8 ||     8
  Dodge: Dodged            |    35 |    34 |   131 ||   200

Table legend:
 A = Non-vault XP
 B = Vault XP
 C = Vault XP percentage of total XP
 D = Non-vault monster count
 E = Vault monster count
 F = Vault count percentage of total count
                 A         B        C        D         E       F
            +---------+---------+-------+---------+---------+-------
      Total |    2437 |    2141 |  46.8 |     116 |      36 |  23.7
            +---------+---------+-------+---------+---------+-------
        D:1 |      32 |       0 |   0.0 |      19 |       0 |   0.0
        D:2 |      47 |      22 |  31.9 |      25 |      12 |  32.4
        D:3 |      25 |      37 |  59.7 |       9 |       1 |  10.0
        D:4 |     329 |       4 |   1.2 |      13 |       2 |  13.3
        D:5 |     298 |    1146 |  79.4 |      10 |       9 |  47.4
        D:6 |    1372 |     583 |  29.8 |      21 |       4 |  16.0
        D:7 |     334 |     214 |  39.1 |      19 |       2 |   9.5
      Sewer |       0 |     135 | 100.0 |       0 |       6 | 100.0
            +---------+---------+-------+---------+---------+-------
